 Dungeon Crawl Stone Soup version 0.24-a0-355-gbe4061de67 (webtiles) character file.

Game seed: 11292076751300433945

5101 Azzok the Grappler (level 10, -3/88 HPs)
             Began as a Troll Fighter on May 24, 2019.
             Was a Believer of Ru.
             Slain by Erica
             ... wielding a +2 scimitar of flaming
              (8 damage)
             ... on level 9 of the Dungeon.
             The game lasted 00:12:03 (6628 turns).

Azzok the Grappler (Troll Fighter)                  Turns: 6628, Time: 00:12:04

Health: -3/88      AC:  8    Str: 32    XL:     10   Next: 32%
Magic:  12/12      EV:  7    Int:  4    God:    Ru [**....]
Gold:   504        SH:  0    Dex:  9    Spells: 9/9 levels left

rFire    . . .     SeeInvis .     - Unarmed
rCold    . . .     Gourm    +   x - +0 large shield
rNeg     . . .     Faith    .   G - +2 robe {MR+}
rPois    +         Spirit   .   (helmet restricted)
rElec    .         Reflect  .   (no cloak)
rCorr    .         Harm     .   (gloves unavailable)
MR       +....                  (boots unavailable)
Stlth    +.........             (no amulet)
HPRegen  0.64/turn              A - ring of poison resistance
MPRegen  0.13/turn              l - +3 ring of strength

@: confused, lethally poisoned (-3 -> -3), slowed, very slow
A: large, unfitting armour, claws 3, fast metabolism 3, gourmand, regeneration
1, shaggy fur 1, tough skin 3, hated by all, missing an eye
a: Renounce Religion


You were on level 9 of the Dungeon.
You worshipped Ru.
Ru was pleased with you.
You were completely stuffed.

You visited 2 branches of the dungeon, and saw 10 of its levels.

You collected 504 gold pieces.

Inventory:

Armour
 x - a +0 large shield (worn)
 G - a +2 robe of magic resistance (worn)
Jewellery
 l - a +3 ring of strength (right claw)
 A - a ring of poison resistance (left claw)
Wands
 j - a wand of acid (9)
 w - a wand of flame (16)
 E - a wand of disintegration (11)
 F - a wand of paralysis (15)
Scrolls
 e - 2 scrolls of fog {unknown}
 f - 4 scrolls of teleportation {unknown}
 g - a scroll of enchant weapon {unknown}
 h - 2 scrolls of magic mapping {unknown}
 i - 3 scrolls of amnesia {unknown}
 k - a scroll of remove curse {unknown}
 n - 2 scrolls of noise {unknown}
 p - a scroll of immolation {unknown}
 r - 6 scrolls of identify {unknown}
 s - 2 scrolls of enchant armour {unknown}
 v - a scroll of random uselessness {unknown}
 y - 2 scrolls of vulnerability {unknown}
 C - a scroll of blinking {unknown}
 H - a scroll of brand weapon {unknown}
Potions
 c - 2 potions of might
 m - 2 potions of heal wounds {unknown}
 o - a potion of haste
 q - 3 potions of ambrosia {unknown}
 t - a potion of curing {unknown}
 u - a potion of berserk rage
 z - a potion of lignification {unknown}
 B - a potion of invisibility {unknown}
 D - a potion of degeneration {unknown}
Comestibles
 a - a chunk of flesh
 d - 10 rations


   Skills:
 - Level 2.4 Fighting
 - Level 2.4 Dodging
 + Level 7.3 Shields
 + Level 11.3 Unarmed Combat
 + Level 4.7 Evocations


You had 9 spell levels left.
You didn't know any spells.
Your spell library was empty.

Dungeon Overview and Level Annotations

Branches:
Dungeon (9/15)             Temple (1/1) D:4            Lair (0/6) D:9
    Orc: D:9-12

Altars:
Ashenzari
Cheibriados
Dithmenos
Fedhas
Gozag
Hepliaklqana
Kikubaaqudgha
Makhleb
Nemelex Xobeh
Okawaru
Qazlal
Ru
Sif Muna
Trog
Uskayaw
Vehumet
Wu Jian
Yredelemnul
Zin
The Shining One

Annotations:
D:9 Erica


Innate Abilities, Weirdness & Mutations

You are too large for most types of armour.
You have claws for hands.
Your metabolism is lightning-fast.
You like to eat raw meat.
Your natural rate of healing is unusually fast.
You are covered in fur. (AC +1)
You have extremely tough skin. (AC +3)
You are hated by all.
You are missing an eye, making it more difficult to aim.


Message History

You feel sick.
You hear some strange, mumbled words.
A bolt of poison appears from out of thin air!
The bolt of poison misses you.
You feel sick. Something hits you but does no damage.
You feel sick.
You hear some strange, mumbled words.
You are confused.
You feel sick.
You see here 10 stones.
You're too confused to move!
Something hits you.
* * * LOW HITPOINT WARNING * * *
Something burns you.
* * * LOW HITPOINT WARNING * * *
You feel sick. Something hits you.
* * * LOW HITPOINT WARNING * * *
Something burns you.
* * * LOW HITPOINT WARNING * * *
Something hits you!
You die...

▒·····▒ ·▒▒·····▒
·········▒▒▒
▒········▒··
▒·▒▒·····▒·▒
▒·▒▒·····▒·▒▒▒▒
▒·▒▒·····▒·▒··▒
▒·▒▒·▒▒▒·▒·▒··▒
▒·▒▒···@·▒····▒
▒···÷▒·(·····<▒
▒·▒▒·▒········▒
▒▒▒▒·▒▒▒▒▒▒▒▒·▒
▒>·······))▒
········▒▒▒▒▒▒▒··▒
········▒ ▒··▒
·{······▒ ···▒
▒▒▒▒▒▒▒▒▒ ▒▒·▒▒


There were no monsters in sight!

Vanquished Creatures
  Erolcha (D:9)
  Pikel (D:8)
  Joseph (D:8)
  A hippogriff (D:8)
  Sigmund (D:6)
  A wyvern (D:9)
  Eustachio (D:4)
  An orc warrior (D:6)
  An ice beast (D:9)
  3 black bears
  4 ogres
  A phantom (D:6)
  4 slaves (D:8)
  2 centaurs
  2 big kobolds (D:8)
  Blork the orc (D:6)
  2 bullfrogs (D:8)
  5 scorpions
  4 wights (D:8)
  6 howler monkeys
  2 crimson imps
  2 hounds
  2 jellies
  2 bullfrog skeletons (D:4)
  4 orc priests
  5 orc wizards
  Ijyb (D:4)
  3 iguanas
  2 worker ants
  2 howler monkey skeletons (D:4)
  5 gnolls
  6 adders
  A shadow imp (D:5)
  2 oozes
  An adder zombie (D:6)
  2 adder skeletons
  6 worms
  A dart slug (D:1)
  4 leopard geckos
  20 orcs
  8 giant cockroaches
  13 goblins
  6 hobgoblins
  19 jackals
  3 quokkas
  8 bats
  7 frilled lizards
  2 jackal skeletons
  A jackal zombie (D:6)
  17 kobolds
  A leopard gecko skeleton (D:8)
  A quokka skeleton (D:6)
  A quokka zombie (D:7)
  12 rats
215 creatures vanquished.

Vanquished Creatures (others)
  An orc (D:9)
  A jackal (D:7)
  25 fungi (D:9)
  5 plants (D:9)
32 creatures vanquished.

Grand Total: 247 creatures vanquished

Notes
Turn   | Place    | Note
-------+----------+-------------------------------------------
     0 | D:1      | Azzok the Troll Fighter began the quest for the Orb.
     0 | D:1      | Reached XP level 1. HP: 22/22 MP: 0/0
   143 | D:1      | Reached XP level 2. HP: 27/29 MP: 1/1
   171 | D:1      | Reached skill level 3 in Unarmed Combat
   245 | D:1      | Reached XP level 3. HP: 30/36 MP: 2/2
   878 | D:2      | Reached skill level 4 in Unarmed Combat
  1148 | D:2      | Reached XP level 4. HP: 39/44 MP: 3/3
  1185 | D:2      | Reached skill level 5 in Unarmed Combat
  1220 | D:2      | Found a bloodstained altar of Trog.
  1600 | D:2      | Reached XP level 5. HP: 46/50 MP: 4/4
  1933 | D:3      | Reached skill level 6 in Unarmed Combat
  2562 | D:4      | Reached XP level 6. HP: 59/59 MP: 5/5
  2568 | D:4      | Found a staircase to the Ecumenical Temple.
  2594 | Temple   | Entered the Ecumenical Temple
  2683 | Temple   | Became a worshipper of Ru the Awakened
  2795 | D:4      | Reached skill level 7 in Unarmed Combat
  2795 | D:4      | Noticed Eustachio
  2838 | D:4      | Killed Eustachio
  2838 | D:4      | Reached XP level 7. HP: 28/66 MP: 6/6
  2956 | D:4      | Noticed Ijyb
  2978 | D:4      | Reached skill level 8 in Unarmed Combat
  2984 | D:4      | Killed Ijyb
  3137 | D:4      | Found an opulent altar of Gozag.
  3220 | D:5      | Entered Level 5 of the Dungeon
  3422 | D:5      | Reached skill level 1 in Evocations
  3748 | D:6      | Reached XP level 8. HP: 58/74 MP: 7/7
  3787 | D:6      | Reached skill level 9 in Unarmed Combat
  3834 | D:6      | Gained mutation: You are missing an eye, making it more
                  | difficult to aim. [Ru sacrifice]
  4067 | D:6      | Noticed Sigmund
  4096 | D:6      | Killed Sigmund
  4096 | D:6      | Reached skill level 5 in Shields
  4278 | D:6      | Noticed Blork the orc
  4289 | D:6      | Killed Blork the orc
  4368 | D:6      | Found a snail-covered altar of Cheibriados.
  4870 | D:7      | Found an iron altar of Okawaru.
  4919 | D:7      | Reached skill level 10 in Unarmed Combat
  4921 | D:7      | Reached XP level 9. HP: 65/80 MP: 9/9
  4996 | D:7      | Found a stormy altar of Qazlal.
  5021 | D:7      | Found a shadowy altar of Dithmenos.
  5274 | D:8      | Noticed Joseph
  5352 | D:8      | Killed Joseph
  5699 | D:8      | Gained mutation: You are hated by all. [Ru sacrifice]
  5699 | D:8      | Reached * piety under Ru
  5699 | D:8      | Reached ** piety under Ru
  6240 | D:9      | Noticed Erolcha
  6251 | D:9      | Killed Erolcha
  6251 | D:9      | Reached skill level 11 in Unarmed Combat
  6251 | D:9      | Reached XP level 10. HP: 61/88 MP: 10/12
  6320 | D:9      | Noticed Pikel
  6321 | D:9      | Found a staircase to the Lair.
  6464 | D:8      | Killed Pikel
  6590 | D:9      | Noticed Erica
  6628 | D:9      | Slain by Erica

Levels and vault maps discovered:
D:1:      grunt_arrival_crossed_arrows, layout_loops_ring
D:2:      minmay_general_purpose_star, layout_basic, bloody_trog
D:3:      layout_basic, serial_forest, infiniplex_forest_lined_4_way,
          infiniplex_forest_clump_medium, infiniplex_forest_corner_1,
          infiniplex_forest_clump_curved, infiniplex_forest_zigzag_1,
          infiniplex_forest_clump_tiny, infiniplex_forest_clump_tiny
D:4:      layout_rooms, kennysheep_little_box, minmay_temple_entry_junction_2,
          kennysheep_generic_room_10, uniq_eustachio, uniq_ijyb
D:5:      layout_rooms, first_ration
D:6:      layout_basic, kennysheep_mini, uniq_blork_the_orc, uniq_sigmund
D:7:      layout_rooms, grunt_qazlal_clouds,
          nicolae_dithmenos_through_a_glass_darkly, kennysheep_okawaru_gauntlet
D:8:      layout_layer_cave, uniq_joseph
D:9:      layout_basic, due_lair_maze_entry_diamond, due_unseen_surprise,
          uniq_pikel, uniq_erolcha, uniq_erica
Temple:   nicolae_temple_elliptical

Skill      XL: |  1  2  3  4  5  6  7  8  9 10 |
---------------+-------------------------------+-----
Unarmed Combat | 3 4 5 6 7 8 10 11 | 11.3
Evocations     | 1 4 |  4.7
Shields        | 3 5 6 7 |  7.3
Fighting       | |  2.4
Dodging        | |  2.4

Action                   |  1- 3 |  4- 6 |  7- 9 | 10-12 || total
-------------------------+-------+-------+-------+-------++-------
Melee: Unarmed           |   139 |   183 |   393 |    92 ||   807
Invok: Sacrifice an Eye  |       |       |     1 |       ||     1
       Sacrifice Love    |       |       |     1 |       ||     1
Evoke: Wand              |       |       |     8 |       ||     8
 Stab: Distracted        |       |     1 |       |       ||     1
  Eat: Chunk             |    16 |    15 |    27 |     9 ||    67
Armor: Robe              |    58 |    60 |    65 |    11 ||   194
Dodge: Dodged            |    48 |    67 |    66 |    11 ||   192
Block: Shield            |    60 |    80 |     3 |       ||   143
       Large shield      |       |       |   299 |    67 ||   366

Table legend:
 A = Non-vault XP
 B = Vault XP
 C = Vault XP percentage of total XP
 D = Non-vault monster count
 E = Vault monster count
 F = Vault count percentage of total count
                 A         B        C        D         E       F
            +---------+---------+-------+---------+---------+-------
      Total |    4528 |    2760 |  37.9 |     198 |      13 |   6.2
            +---------+---------+-------+---------+---------+-------
        D:1 |      65 |       0 |   0.0 |      31 |       0 |   0.0
        D:2 |     126 |       8 |   6.0 |      26 |       3 |  10.3
        D:3 |     138 |       0 |   0.0 |      24 |       0 |   0.0
        D:4 |     290 |     277 |  48.9 |      21 |       3 |  12.5
        D:5 |     420 |       0 |   0.0 |      15 |       0 |   0.0
        D:6 |     957 |     325 |  25.4 |      24 |       2 |   7.7
        D:7 |     254 |       4 |   1.6 |       9 |       2 |  18.2
        D:8 |    1609 |    1134 |  41.3 |      36 |       2 |   5.3
        D:9 |     669 |    1012 |  60.2 |      12 |       1 |   7.7
            +---------+---------+-------+---------+---------+-------
